[Event "Team 45 45 League T76"]
[Site "Internet Chess Club"]
[Date "2018.04.24"]
[Round "5"]
[White "Percival"]
[Black "Agarnez"]
[Result "1-0"]
[WhiteElo "2117"]
[BlackElo "1899"]
[Opening "QGA: Alekhine defense"]
[ECO "D22"]
[Time "07:04:08"]
[TimeControl "2700+45"]

1. d4 d5 2. c4 dxc4 3. Nf3 a6 4. e3 Bg4 5. Bxc4 e6 6. O-O Nf6 7. Nbd2 c5 8. h3
Bh5 9. dxc5 Bxc5 10. a3 O-O 11. b4 Ba7 12. Bb2 Nbd7 13. Rc1 Qe7 14. Be2 Rac8 15.
Qb3 e5 16. Kh1 e4 17. Ng1 Bg6 18. Nc4 Bb8 19. Bd4 h5 20. Rfd1 b5 21. Nd2 Rxc1
22. Rxc1 Qd6 23. Nf1 Re8 24. a4 bxa4 25. Qxa4 Qe6 26. Bxa6 Qf5 27. Rc2 Ne5 28.
Bxe5 Bxe5 29. Qa2 Rb8 30. b5 Qd7 31. Qc4 Bf5 32. Rd2 Qa7 33. Ne2 Be6 34. Qc1 Bd7
35. Qc4 Be6 36. Qa4 Qb6 37. Nd4 Bxd4 38. Rxd4 Bd7 39. Rb4 Qc5 40. Qb3 Rb6 41.
Ng3 Qc1+ 42. Kh2 Qe1 43. Nxe4 Nxe4 44. Rxe4 Qxf2 45. Rf4 Be6 46. Qd3 Qa2 47.
Qd8+ {Black resigns} 1-0

[Event "Team 45 45 League T76"]
[Site "Internet Chess Club"]
[Date "2018.04.23"]
[Round "5"]
[White "elmaestro"]
[Black "limeinthecoke"]
[Result "0-1"]
[WhiteElo "1665"]
[BlackElo "1696"]
[Opening "Sicilian: Hungarian variation"]
[ECO "B06"]
[Time "20:10:42"]
[TimeControl "2700+45"]

1. e4 g6 2. Nf3 c5 3. d4 cxd4 4. Nxd4 Bg7 5. Nc3 d6 6. Be2 Nc6 7. Be3 Bd7 8. O-O
Nf6 9. f4 O-O 10. g4 Nxg4 11. Bxg4 Bxd4 12. Bxd4 Bxg4 13. Qxg4 Nxd4 14. Rf2 f5
15. Qd1 e5 16. Nd5 fxe4 17. c3 Nf3+ 18. Rxf3 exf3 19. Qxf3 Rf7 20. Re1 Qd7 21.
Qe4 exf4 22. Qc4 Qg4+ 23. Kh1 Qg5 24. Rg1 Qe5 25. h4 Re8 26. Kh2 f3+ 27. Kh3 f2
28. Rf1 Rf3+ 29. Kg2 Qg3+ 30. Kh1 Qh3# {White checkmated} 0-1

[Event "Team 45 45 League T76"]
[Site "Internet Chess Club"]
[Date "2018.04.21"]
[Round "5"]
[White "ivanson"]
[Black "a-man"]
[Result "0-1"]
[WhiteElo "1723"]
[BlackElo "1716"]
[Opening "Sicilian defense"]
[ECO "B20"]
[Time "19:00:21"]
[TimeControl "2700+45"]

1. e4 c5 2. Be2 Nc6 3. d3 g6 4. f4 d6 5. Nf3 Bg7 6. O-O Nf6 7. Qe1 O-O 8. Qh4
Bg4 9. Nbd2 b5 10. h3 Bd7 11. Ng5 Qb6 12. Kh1 Nd4 13. Bd1 h6 14. Ngf3 Nc6 15.
Nh2 Rab8 16. Ndf3 b4 17. e5 Nd5 18. exd6 exd6 19. Ng4 h5 20. Nf2 Nce7 21. Ne4
Nf5 22. Qf2 Rfc8 23. Nh4 Bd4 24. Qe1 Re8 25. Nxf5 Bxf5 26. Bf3 c4 27. g4 hxg4
28. hxg4 Bxe4 29. dxe4 Kg7 30. Qg3 Nf6 31. Re1 Bf2 32. Be3 Bxe3 33. e5 Rh8+ 34.
Kg2 Bf2 {White resigns} 0-1

[Event "Team 45 45 League T76"]
[Site "Internet Chess Club"]
[Date "2018.04.22"]
[Round "5"]
[White "ascoli"]
[Black "Demachaeron"]
[Result "1-0"]
[WhiteElo "1679"]
[BlackElo "1659"]
[Opening "English: four knights, kingside fianchetto"]
[ECO "A29"]
[Time "12:30:29"]
[TimeControl "2700+45"]

1. c4 e5 2. Nc3 Nf6 3. Nf3 Nc6 4. g3 d6 5. Bg2 Be6 6. d3 Qd7 7. Rb1 a6 8. Ng5
Be7 9. Nxe6 fxe6 10. e4 O-O 11. O-O Rfb8 12. Bg5 b5 13. b3 Nd8 14. d4 Nf7 15.
Be3 Rb7 16. d5 exd5 17. Nxd5 bxc4 18. bxc4 Rab8 19. Qd3 Nxd5 20. Rxb7 Rxb7 21.
cxd5 Qb5 22. Qxb5 Rxb5 23. Rc1 Bd8 24. Bf1 Rb2 25. Bc4 Bg5 26. f4 exf4 27. gxf4
Bd8 28. Bb3 Re2 29. Rc3 Kf8 30. Bc4 Rb2 31. Ra3 Rc2 32. Bd3 Rb2 33. Rxa6 g5 34.
Bc1 Rb8 35. fxg5 Bxg5 36. Bxg5 Nxg5 37. Ra7 Nf3+ 38. Kf2 Nxh2 39. Kg3 Rb2 40. a4
Rd2 41. Rxc7 Rxd3+ 42. Kxh2 Rd4 43. a5 Rxe4 44. a6 Ke8 45. a7 Ra4 46. Rxh7 Kd8
47. Rh8+ {Black resigns} 1-0

[Event "Team 45 45 League T76"]
[Site "Internet Chess Club"]
[Date "2018.04.22"]
[Round "5"]
[White "Sloggi"]
[Black "Littlemon"]
[Result "1-0"]
[WhiteElo "1872"]
[BlackElo "1581"]
[Opening "Levitsky attack (Queen's bishop attack)"]
[ECO "D00"]
[Time "08:16:51"]
[TimeControl "2700+45"]

1. d4 d5 2. Bg5 c5 3. c3 Nc6 4. e3 Nf6 5. Nd2 e6 6. Ngf3 Be7 7. Be2 O-O 8. O-O
b6 9. h3 Bb7 10. Bd3 h6 11. Bf4 Nh5 12. Bh2 f5 13. Ne5 Qe8 14. g4 Nxe5 15. dxe5
Qg6 16. f3 Qg5 17. Qe2 f4 18. e4 Ng3 19. Bxg3 fxg3 20. exd5 Bxd5 21. Nc4 Qf4 22.
Be4 Rae8 23. Rae1 Bh4 24. Kg2 b5 25. Bxd5 exd5 26. Nd6 Re6 27. Nf5 Bd8 28. Qe3
Qa4 29. Qd2 Qxa2 30. Kxg3 Bc7 31. f4 Qb3 32. Rf3 h5 33. Ne3 hxg4 34. hxg4 Rd8
35. Nf5 Qa2 36. Rh1 g5 37. Nd6 Bxd6 38. exd6 Qc4 39. b3 Qe4 40. fxg5 Qe5+ 41.
Qf4 Qxd6 42. Rd1 a6 43. Kf2 Qxf4 44. Rxf4 Kg7 45. Rf5 Red6 46. Re1 R8d7 47. Rd1
c4 48. bxc4 dxc4 49. Ra1 Rd2+ 50. Kg3 R2d3+ 51. Kh4 R7d6 52. Raf1 Rxc3 53. Rf7+
Kg6 54. Ra7 Rcd3 55. Rff7 Rh3+ 56. Kxh3 Kxg5 57. Rg7+ Kf4 58. Rgf7+ Ke3 59. g5
c3 60. Rf6 c2 61. Rc7 Rd2 62. g6 b4 63. g7 b3 64. g8=Q b2 65. Re6+ Kf2 66. Rf7#
{Black checkmated} 1-0

[Event "Team 45 45 League T76"]
[Site "Internet Chess Club"]
[Date "2018.04.21"]
[Round "5"]
[White "DineshB"]
[Black "Zugzwanged"]
[Result "1-0"]
[WhiteElo "1337"]
[BlackElo "1727"]
[Opening "French: advance, Paulsen attack"]
[ECO "C02"]
[Time "10:01:07"]
[TimeControl "2700+45"]

1. e4 e6 2. d4 d5 3. e5 c5 4. c3 Nc6 5. Nf3 Qb6 6. a3 Nh6 7. b4 cxd4 8. cxd4 Nf5
9. Be3 Bd7 10. Be2 Be7 11. O-O f6 12. Nc3 fxe5 13. b5 Ncxd4 14. Nxe5 Nxe2+ 15.
Qxe2 Nxe3 16. Qh5+ g6 17. Nxg6 Nxf1 18. Nxh8+ Kd8 19. Nf7+ Kc7 20. Qe5+ Bd6 21.
Nxd5+ exd5 22. Rc1+ Bc6 23. Qxd6+ Kc8 24. bxc6 Qc7 25. cxb7+ {Black resigns} 1-0

[Event "Team 45 45 League T76"]
[Site "Internet Chess Club"]
[Date "2018.04.21"]
[Round "5"]
[White "Uku"]
[Black "Fianchettoed"]
[Result "0-1"]
[WhiteElo "1239"]
[BlackElo "1762"]
[Opening "Caro-Kann: advance variation"]
[ECO "B12"]
[Time "18:00:39"]
[TimeControl "2700+45"]

1. e4 c6 2. d4 d5 3. e5 Bf5 4. Nf3 e6 5. Bd3 Bxd3 6. Qxd3 Qa5+ 7. Bd2 Qa6 8. Qb3
Nd7 9. Na3 Ne7 10. Bb4 Ng6 11. Bxf8 Rxf8 12. Ng5 h6 13. Nf3 O-O-O 14. O-O-O f6
15. Rhe1 fxe5 16. Nxe5 Ngxe5 17. dxe5 Rf5 18. f3 Rdf8 19. Rd2 Nc5 20. Qc3 Qb6
21. Rde2 Rf4 22. Kb1 Na4 23. Qb3 Rb4 {White resigns} 0-1

[Event "Team 45 45 League T76"]
[Site "Internet Chess Club"]
[Date "2018.04.23"]
[Round "5"]
[White "leandromorg"]
[Black "primerpaso"]
[Result "1/2-1/2"]
[WhiteElo "1708"]
[BlackElo "1879"]
[Opening "Queen's pawn: stonewall attack"]
[ECO "A45"]
[Time "19:38:18"]
[TimeControl "2700+45"]

1. d4 Nf6 2. e3 d5 3. Bd3 g6 4. f4 Bg7 5. Nf3 O-O 6. Nbd2 b6 7. Qe2 Bb7 8. O-O
c5 9. c3 Nbd7 10. Ne5 Ne4 11. Qf3 Nxe5 12. fxe5 Nxd2 13. Bxd2 f6 14. exf6 exf6
15. h4 f5 16. h5 Qe7 17. Qg3 Qe6 18. Rf3 Rae8 19. Raf1 Re7 20. Qh4 Bf6 21. Qg3
Rg7 22. h6 Rgf7 23. Bxf5 Qe7 24. Qg4 Ba6 25. R1f2 Bh4 26. g3 Rxf5 27. Rxf5 Rxf5
28. Rxf5 Bc8 29. Qf3 gxf5 30. gxh4 Qe4 31. Qg3+ Qg4 32. Kf2 Qxg3+ 33. Kxg3 Kf7
34. Kf4 Kf6 35. b3 Be6 36. Be1 Bf7 37. Bg3 Bg8 38. a4 Bf7 39. Kf3 cxd4 40. exd4
Bh5+ 41. Ke3 Bd1 42. Bb8 a6 43. b4 Bxa4 44. Bc7 b5 45. Be5+ Ke6 46. Kf4 Bd1 47.
Bc7 {Game drawn by mutual agreement} 1/2-1/2

[Event "Team 45 45 League T76"]
[Site "Internet Chess Club"]
[Date "2018.04.23"]
[Round "5"]
[White "ANGELLR"]
[Black "MarcB"]
[Result "1-0"]
[WhiteElo "1883"]
[BlackElo "1691"]
[Opening "Queen's pawn, Mason variation"]
[ECO "D00"]
[Time "20:00:35"]
[TimeControl "2700+45"]

1. d4 d5 2. Bf4 c6 3. e3 Nf6 4. c4 e6 5. Nc3 Bd6 6. Bxd6 Qxd6 7. f4 dxc4 8. Bxc4
b5 9. Bd3 Nbd7 10. Nf3 Bb7 11. O-O h6 12. Rc1 O-O 13. Ne5 a6 14. Ne4 Nxe4 15.
Bxe4 Rac8 16. Qf3 Nb8 17. Rc5 f6 18. Ng6 Rf7 19. Rfc1 Rfc7 20. Qh5 Qd7 21. f5
Qe8 22. fxe6 Qxe6 23. Qf5 Re8 24. Bd5 cxd5 25. Qxe6+ Rxe6 26. Rxc7 Rb6 27. Re7
Bc6 28. Rc7 Bd7 29. Ne7+ Kh7 30. Nxd5 Be6 31. Nxb6 {Black resigns} 1-0

[Event "Team 45 45 League T76"]
[Site "Internet Chess Club"]
[Date "2018.04.21"]
[Round "5"]
[White "nealbruce"]
[Black "Portola"]
[Result "0-1"]
[WhiteElo "1716"]
[BlackElo "1699"]
[Opening "French: Tarrasch"]
[ECO "C03"]
[Time "12:00:14"]
[TimeControl "2700+45"]

1. e4 e6 2. d4 d5 3. Nd2 dxe4 4. Nxe4 Be7 5. Nf3 Nd7 6. Bd3 Ngf6 7. c3 O-O 8.
O-O b6 9. Ne5 Nxe5 10. Nxf6+ Bxf6 11. Bxh7+ Kxh7 12. Qh5+ Kg8 13. dxe5 Qd5 14.
Bf4 g6 15. Qg4 Bxe5 16. Bh6 Bg7 17. Bf4 e5 {White resigns} 0-1

[Event "Team 45 45 League T76"]
[Site "Internet Chess Club"]
[Date "2018.04.22"]
[Round "5"]
[White "QuieroAprender"]
[Black "Tobiasdelmonte"]
[Result "1-0"]
[WhiteElo "1512"]
[BlackElo "1614"]
[Opening "two knights defense: Bogolyubov variation"]
[ECO "C58"]
[Time "15:12:54"]
[TimeControl "2700+45"]

1. e4 e5 2. Nf3 Nc6 3. Bc4 Nf6 4. Ng5 d5 5. exd5 Na5 6. Bb5+ c6 7. dxc6 bxc6 8.
Qf3 Bb7 9. Ba4 h6 10. Ne4 Nd5 11. Nbc3 Nb6 12. d3 Be7 13. Qg3 O-O 14. Bxh6 Bf6
15. b4 Nxa4 16. Nxa4 c5 17. bxa5 Bxe4 18. dxe4 Qd4 19. Nc3 Kh7 20. Bd2 Rfd8 21.
Rd1 Qc4 22. Qf3 Rab8 23. Qe2 Qe6 24. Nd5 Rb2 25. Qc4 Kh8 26. Bc1 Rb4 27. Qe2 Ra4
28. O-O Rxa5 29. Nxf6 Qxf6 30. Qh5+ Kg8 31. Rxd8+ Qxd8 32. Qxe5 Rxa2 33. Qxc5
Ra5 34. Qb4 Rh5 35. Ba3 a5 36. Qd6 Qc8 37. Qd3 Qc7 38. h3 Rh6 39. c4 Rg6 40. Rd1
Kh7 41. Qd5 Re6 42. Qf5+ Kg8 43. Rd5 Rf6 44. Qg5 Qxc4 45. Bb2 Rg6 46. Qd8+ Kh7
47. Rh5+ Rh6 48. Rxh6+ Kxh6 49. Qh8+ Kg5 50. Qxg7+ Kh5 51. g4+ {Black resigns}
1-0

[Event "Team 45 45 League T76"]
[Site "Internet Chess Club"]
[Date "2018.04.21"]
[Round "5"]
[White "jjmolina"]
[Black "Centralplay"]
[Result "1/2-1/2"]
[WhiteElo "1758"]
[BlackElo "2143"]
[Opening "Two knights defense (Modern bishop's opening)"]
[ECO "C55"]
[Time "06:26:36"]
[TimeControl "2700+45"]

1. e4 e5 2. Nf3 Nc6 3. Bc4 Nf6 4. d3 Be7 5. Nc3 d6 6. h3 Na5 7. Bb3 O-O 8. O-O
c6 9. Re1 Re8 10. d4 Qc7 11. Bg5 h6 12. Bh4 Nh5 13. dxe5 dxe5 14. Bxe7 Qxe7 15.
Qd2 b6 16. Rad1 Nb7 17. Qe3 Nc5 18. Rd2 Bd7 19. Red1 Rad8 20. Bc4 b5 21. Bf1 a5
22. Ne2 Kh7 {Game drawn by mutual agreement} 1/2-1/2

[Event "Team 45 45 League T76"]
[Site "Internet Chess Club"]
[Date "2018.04.25"]
[Round "5"]
[White "Percival"]
[Black "kamalchandran"]
[Result "1-0"]
[WhiteElo "2123"]
[BlackElo "1840"]
[Opening "Queen's pawn: English defense"]
[ECO "E12"]
[Time "05:09:13"]
[TimeControl "2700+45"]

1. d4 b6 2. c4 Bb7 3. Nc3 Nf6 4. Nf3 e6 5. a3 d5 6. cxd5 Nxd5 7. e3 a6 8. Be2 c5
9. O-O Nc6 10. e4 Nf6 11. d5 exd5 12. exd5 Ne7 13. d6 Nf5 14. Re1 Qxd6 15. Bxa6+
{Black resigns} 1-0

[Event "Team 45 45 League T76"]
[Site "Internet Chess Club"]
[Date "2018.04.20"]
[Round "5"]
[White "jjimalo"]
[Black "Terte"]
[Result "1-0"]
[WhiteElo "1815"]
[BlackElo "1769"]
[Opening "QGD: exchange, positional line"]
[ECO "D35"]
[Time "10:14:21"]
[TimeControl "2700+45"]

1. d4 d5 2. c4 e6 3. Nc3 Nf6 4. cxd5 exd5 5. Bg5 Be7 6. e3 O-O 7. Bd3 Nbd7 8.
Nf3 c6 9. O-O Re8 10. Rc1 Nf8 11. h3 h6 12. Bh4 Ne4 13. Bxe7 Qxe7 14. a3 Bf5 15.
b4 h5 16. Be2 a5 17. Qb3 g5 18. b5 g4 19. hxg4 hxg4 20. Ne5 Nd2 21. Qb2 Nxf1 22.
Rxf1 Qe6 23. e4 Bxe4 24. Nxe4 dxe4 25. Bc4 Qf5 26. Bxf7+ Kg7 27. Bxe8 Rxe8 28.
bxc6 bxc6 29. Qb7+ Kh6 30. Nf7+ Kh5 31. Nd6 Qe6 32. Nxe8 Qxe8 33. Qc7 Ng6 34.
Qxa5+ Kh4 35. g3+ Kh3 36. Qh5+ {Black resigns} 1-0

[Event "Team 45 45 League T76"]
[Site "Internet Chess Club"]
[Date "2018.04.22"]
[Round "5"]
[White "kaiclc"]
[Black "swagnik"]
[Result "1-0"]
[WhiteElo "1324"]
[BlackElo "1596"]
[Opening "French: Paulsen variation"]
[ECO "C10"]
[Time "15:16:09"]
[TimeControl "2700+45"]

1. e4 e6 2. d4 d5 3. Nc3 Nc6 4. Nf3 Nf6 5. e5 Ne4 6. Bd3 Bb4 7. Bd2 Nxd2 8. Qxd2
f6 9. exf6 Qxf6 10. a3 Bd6 11. O-O O-O 12. Rae1 Bd7 13. Bb5 Bf4 14. Qd1 Qh6 15.
g3 Qh3 16. Bxc6 bxc6 17. Ne5 Rf6 18. gxf4 Rh6 19. Nf3 Rg6+ 20. Ng5 h6 21. Re3
Qf5 22. Qd3 hxg5 23. Qxf5 exf5 24. Rg3 g4 25. Re1 Kf7 26. Na4 Re8 27. Rge3 Rge6
28. Nc5 Rxe3 29. Rxe3 Rxe3 30. fxe3 Bc8 31. Kf2 Kg6 32. a4 Kh5 33. Kg3 g5 34. a5
gxf4+ 35. exf4 Kg6 36. Nd3 Kf6 37. Nb4 Bd7 38. Na6 Ke7 39. Kh4 Kf7 40. Kg5 Ke7
41. Kg6 Bc8 42. Nc5 Kd6 43. Kf6 a6 44. c3 g3 45. hxg3 {Black resigns} 1-0

[Event "Team 45 45 League T76"]
[Site "Internet Chess Club"]
[Date "2018.04.22"]
[Round "5"]
[White "JJ12"]
[Black "dp15"]
[Result "1/2-1/2"]
[WhiteElo "2119"]
[BlackElo "2065"]
[Opening "French: Tarrasch, closed variation"]
[ECO "C05"]
[Time "19:15:54"]
[TimeControl "2700+45"]

1. e4 e6 2. d4 d5 3. Nd2 Nf6 4. e5 Nfd7 5. c3 c5 6. Ne2 Nc6 7. Nf3 Be7 8. g3 O-O
9. Bg2 f6 10. exf6 Nxf6 11. O-O Ne4 12. Nf4 Bd6 13. Qe2 Qf6 14. Be3 c4 15. h4 h6
16. Nd2 Nxd2 17. Bxd2 Ne7 18. Rae1 Bxf4 19. Bxf4 Ng6 20. Bd2 Bd7 21. h5 Ne7 22.
Bf4 Nc6 23. Bh3 Rae8 24. Kh2 Bc8 25. Bd6 Rf7 26. f4 Qd8 27. Be5 Ref8 28. Qc2 a6
29. b3 b5 30. bxc4 dxc4 31. Rg1 Ne7 32. g4 Nd5 33. f5 Qg5 34. Rg3 Bd7 35. Re2
exf5 36. gxf5 Qxh5 37. Reg2 g5 38. fxg6 Rf3 39. g7 Qxh3+ 40. Rxh3 Rxh3+ 41. Kg1
Rf1+ 42. Kxf1 Ne3+ 43. Kg1 Nxc2 44. Rxc2 Bc6 45. a4 Kh7 46. axb5 axb5 47. Rh2
Rxh2 48. Kxh2 Bd5 49. Kg3 Kg6 50. Kf4 h5 51. Bd6 Kxg7 52. Ke5 Bc6 53. Ke6 Bg2
54. Kf5 {Game drawn by mutual agreement} 1/2-1/2

[Event "Team 45 45 League T76"]
[Site "Internet Chess Club"]
[Date "2018.04.21"]
[Round "5"]
[White "joebobpop"]
[Black "Monterrey"]
[Result "1-0"]
[WhiteElo "1971"]
[BlackElo "1951"]
[Opening "French: Tarrasch, closed variation, main line"]
[ECO "C06"]
[Time "15:05:38"]
[TimeControl "2700+45"]

1. e4 e6 2. d4 d5 3. Nd2 Nf6 4. e5 Nfd7 5. Bd3 c5 6. c3 Nc6 7. Ne2 cxd4 8. cxd4
f6 9. exf6 Nxf6 10. O-O Bd6 11. Nf3 Qc7 12. Bg5 O-O 13. Rc1 h6 14. Bh4 Nh5 15.
Nc3 a6 16. Bb1 Nf4 17. Bg3 g5 18. Re1 Qg7 19. h3 Bd7 20. Na4 Rad8 21. Nc5 Bc8
22. Rc3 e5 23. dxe5 Nxe5 24. Bxf4 Nxf3+ 25. Qxf3 Bxf4 26. Qd1 Be5 27. Rd3 g4 28.
h4 Qf6 29. Rf1 b6 30. Nb3 Qxh4 31. g3 Qh3 32. Nd4 Rde8 33. Re3 Qh5 34. Qd3 Qf7
35. Qg6+ Qg7 36. Nc6 Re6 37. Qd3 Rxc6 38. Rxe5 Rc7 39. Rxd5 Bb7 40. Rd6 Rf6 41.
Qb3+ Kh8 42. Rd8+ Rf8 43. Rxf8+ Qxf8 44. Qxb6 Qf3 45. Qxh6+ Kg8 46. Qg5+ Kf8 47.
Qd8+ Kg7 48. Qxc7+ Kg8 49. Qh7+ Kf8 50. Qf5+ {Black resigns} 1-0

[Event "Team 45 45 League T76"]
[Site "Internet Chess Club"]
[Date "2018.04.21"]
[Round "5"]
[White "laurenpar"]
[Black "gz99754539"]
[Result "0-1"]
[WhiteElo "1874"]
[BlackElo "1808"]
[Opening "King's Indian: Semi-Averbakh system"]
[ECO "E73"]
[Time "22:00:23"]
[TimeControl "2700+45"]

1. d4 Nf6 2. c4 g6 3. Nc3 Bg7 4. e4 d6 5. Be2 O-O 6. Be3 Nc6 7. Qd2 e5 8. d5 Ne7
9. h4 Nd7 10. g4 f5 11. gxf5 gxf5 12. Bh6 Nc5 13. Nh3 f4 14. Bxg7 Kxg7 15. Rg1+
Ng6 16. Bg4 Qxh4 17. Bxc8 Raxc8 18. Ng5 h6 19. Ne6+ Nxe6 20. dxe6 Qf6 21. O-O-O
Qxe6 22. b3 a6 23. f3 Kh7 24. Rg4 Ne7 25. Rh1 Rf6 26. Qh2 Rg8 27. Qh5 Rxg4 28.
fxg4 Rg6 29. g5 c6 30. Nd1 d5 31. cxd5 cxd5 32. Nf2 Ng8 33. Kb2 dxe4 34. Nxe4
Qf5 35. Qf3 b6 36. Qd3 Kg7 37. gxh6+ Rxh6 38. Rxh6 Nxh6 39. Qd5 Nf7 40. Nf2 f3
41. a4 Qf4 42. Ka3 Qc1+ 43. Kb4 Qe1+ {White resigns} 0-1

[Event "Team 45 45 League T76"]
[Site "Internet Chess Club"]
[Date "2018.04.22"]
[Round "5"]
[White "suicidepawn"]
[Black "zepled37"]
[Result "1/2-1/2"]
[WhiteElo "1819"]
[BlackElo "1693"]
[Opening "Scotch gambit: Dubois-Réti defense"]
[ECO "C55"]
[Time "17:14:28"]
[TimeControl "2700+45"]

1. e4 e5 2. Nf3 Nc6 3. d4 exd4 4. Bc4 Nf6 5. e5 d5 6. Bb5 Ne4 7. Nxd4 Bd7 8.
Bxc6 bxc6 9. O-O Be7 10. f3 Nc5 11. Re1 O-O 12. Be3 Re8 13. Nd2 Ne6 14. Nf5 Bf8
15. c3 Nc5 16. Bxc5 Bxc5+ 17. Nd4 Qg5 18. Nb3 Bb6 19. Qd2 Rxe5 20. Rxe5 Qxe5 21.
Re1 Qd6 22. Kh1 c5 23. Nc2 c6 24. Nc1 Bc7 25. g3 Re8 26. Kg2 Rxe1 27. Nxe1 c4
28. Ne2 c5 29. Nc2 h6 30. Ne3 Bc6 31. Nf4 {Game drawn by mutual agreement}
1/2-1/2

[Event "Team 45 45 League T76"]
[Site "Internet Chess Club"]
[Date "2018.04.22"]
[Round "5"]
[White "justice02"]
[Black "ILRE"]
[Result "1-0"]
[WhiteElo "1724"]
[BlackElo "1601"]
[Opening "Sicilian defense"]
[ECO "B30"]
[Time "13:30:36"]
[TimeControl "2700+45"]

1. e4 c5 2. Nf3 Nc6 3. c3 d6 4. d4 cxd4 5. cxd4 a6 6. Be2 e6 7. O-O Be7 8. Re1
Nf6 9. Nbd2 O-O 10. a3 b5 11. b4 Bb7 12. Bb2 Rc8 13. Qb3 Qb6 14. Rac1 Nb8 15.
Bd3 Nbd7 16. Bb1 Rxc1 17. Rxc1 Rc8 18. Rxc8+ Bxc8 19. Qc2 Bb7 20. e5 dxe5 21.
dxe5 Qc6 22. Qxc6 Bxc6 23. exf6 Nxf6 24. Ne5 Bd5 25. f3 h6 26. Kf2 Kf8 27. Ke3
Ne8 28. Nd7+ Kg8 29. Ne4 f6 30. Nec5 Kf7 31. Nxa6 Nd6 32. Bd3 Bc4 33. Nb6 Bb3
34. Nc5 Ba2 35. Ne4 Nf5+ 36. Kd2 Bd8 37. Nd7 Nh4 38. Bxb5 Nxg2 39. a4 Bc7 40.
Bc6 Bxh2 41. b5 Bd5 42. Bxd5 exd5 43. Nec5 Ke8 44. b6 Nh4 45. Ke2 Nf5 46. b7 h5
47. b8=Q+ Bxb8 48. Nxb8 Nd6 49. a5 Kd8 50. a6 Nc8 51. Bd4 Kc7 52. Ncd7 Nd6 53.
Kf2 Nb5 54. a7 Kb7 55. Nc6 Nxd4 56. Nxd4 Kxa7 57. Kg3 Kb7 58. Kh4 Kc7 59. Nf8
Kd6 60. Kxh5 Ke5 61. Nfe6 f5 62. Kg6 f4 63. Kxg7 Kd6 64. Nxf4 Ke5 65. Nfe6
{Black resigns} 1-0

[Event "Team 45 45 League T76"]
[Site "Internet Chess Club"]
[Date "2018.04.19"]
[Round "5"]
[White "RD1974"]
[Black "Grenadier"]
[Result "1-0"]
[WhiteElo "1678"]
[BlackElo "1578"]
[Opening "Réti: King's Indian attack (Barcza system)"]
[ECO "A07"]
[Time "19:04:27"]
[TimeControl "2700+45"]

1. Nf3 d5 2. g3 Nf6 3. Bg2 Bf5 4. d4 e6 5. O-O Be7 6. c4 c6 7. Bf4 Nbd7 8. Nbd2
O-O 9. Nh4 Be4 10. f3 Bg6 11. Nxg6 hxg6 12. e4 dxe4 13. fxe4 Nh5 14. Be3 Bg5 15.
Bf2 Be7 16. e5 Bb4 17. Nf3 Qc7 18. a3 Be7 19. Qd2 f5 20. Ng5 Bxg5 21. Qxg5 Kh7
22. Bf3 c5 23. Bxh5 gxh5 24. Qxh5+ Kg8 25. Rad1 cxd4 26. Bxd4 Qxc4 27. Rf4 Qb3
28. Rh4 Rad8 29. Bc3 Qb6+ 30. Kg2 a5 31. Rd6 Qc5 32. Qg6 Rfe8 33. Rh7 Re7 34.
Qh5 g5 35. Qg6+ {Black resigns} 1-0

[Event "Team 45 45 League T76"]
[Site "Internet Chess Club"]
[Date "2018.04.19"]
[Round "5"]
[White "GoIrish"]
[Black "losscause"]
[Result "0-1"]
[WhiteElo "1484"]
[BlackElo "1466"]
[Opening "Réti opening"]
[ECO "A05"]
[Time "20:04:53"]
[TimeControl "2700+45"]

1. Nf3 Nf6 2. g3 d5 3. Bg2 g6 4. O-O Bg7 5. d3 O-O 6. Nbd2 Nbd7 7. Rb1 a5 8. b3
Re8 9. c4 c6 10. Bb2 e5 11. cxd5 cxd5 12. e4 dxe4 13. dxe4 b5 14. a3 Bb7 15. Re1
Rc8 16. Bh3 Rc7 17. Bf1 Bc6 18. Rc1 Qb8 19. Rc2 Qb7 20. Re3 Ng4 21. Re1 Rec8 22.
Ng5 Ngf6 23. Rc1 h6 24. Ngf3 Nxe4 25. Rxc6 Nxd2 26. Rxc7 Nxf3+ 27. Kh1 Rxc7 28.
Bg2 e4 29. Bxg7 Kxg7 30. Bxf3 exf3 31. Qd4+ Nf6 32. h4 Qa7 33. Qd2 a4 34. b4 Re7
35. Rxe7 Qxe7 {White resigns} 0-1

[Event "Team 45 45 League T76"]
[Site "Internet Chess Club"]
[Date "2018.04.29"]
[Round "5"]
[White "Goli"]
[Black "PatrickFish"]
[Result "0-1"]
[WhiteElo "1647"]
[BlackElo "1573"]
[Opening "Sicilian: Alapin's variation (2.c3)"]
[ECO "B22"]
[Time "16:02:56"]
[TimeControl "2700+45"]

1. e4 c5 2. c3 e5 3. d4 cxd4 4. cxd4 exd4 5. Qxd4 Nc6 6. Qd1 Nf6 7. Bd3 d5 8.
exd5 Nxd5 9. Nf3 Bb4+ 10. Bd2 Nf4 11. Bxb4 Nxd3+ 12. Kf1 Ncxb4 {White resigns}
0-1

[Event "Team 45 45 League T76"]
[Site "Internet Chess Club"]
[Date "2018.04.23"]
[Round "5"]
[White "kwen2008"]
[Black "AVEMARIA"]
[Result "1/2-1/2"]
[WhiteElo "1545"]
[BlackElo "1595"]
[Opening "Caro-Kann: advance variation"]
[ECO "B12"]
[Time "18:34:06"]
[TimeControl "2700+45"]

1. e4 c6 2. d4 d5 3. e5 Bf5 4. Nf3 e6 5. Be2 c5 6. O-O Nc6 7. a3 cxd4 8. Nxd4
Nge7 9. Bb5 a6 10. Nxf5 Nxf5 11. Bxc6+ bxc6 12. Nd2 g6 13. Nf3 Bg7 14. Bf4 O-O
15. Re1 Qb6 16. b4 c5 17. Bd2 Rfc8 18. Rb1 Bh6 19. c3 Bxd2 20. Qxd2 cxb4 21.
axb4 Qc6 22. Rec1 Qc4 23. Rc2 Rab8 24. Rbc1 Qg4 25. h3 Qc4 26. Nd4 Qc7 27. Nxf5
gxf5 28. Qg5+ Kh8 29. Qf6+ Kg8 30. h4 Qd8 31. Qh6 Qf8 32. Qg5+ Qg7 33. Qf4 Rc4
34. Qh2 Qg4 35. g3 Qe4 36. f4 Rbc8 37. Qf2 d4 38. Qd2 Qf3 39. Qf2 Qxf2+ 40. Kxf2
dxc3 41. Ke3 Rxb4 42. Rxc3 Rxc3+ 43. Rxc3 a5 44. Rc8+ Kg7 45. Ra8 Rb3+ 46. Kf2
Ra3 47. Kg2 h5 48. Kh2 a4 49. Kg2 Ra2+ 50. Kg1 a3 51. Kh1 Ra1+ 52. Kg2 a2 53.
Kh2 f6 54. Ra7+ Kg6 55. Ra6 fxe5 56. fxe5 f4 57. gxf4 Kf5 58. Ra4 Kg4 59. Kg2
Kf5 60. Kh2 Rf1 61. Rxa2 Rxf4 62. Kg3 Rg4+ 63. Kh3 Re4 64. Kg3 Rxe5 65. Rf2+ Kg6
66. Rf8 Kg7 67. Rf3 Re4 68. Kh3 e5 69. Kg3 Rg4+ 70. Kh3 e4 71. Rg3 Rxg3+ 72.
Kxg3 Kg6 73. Kf4 e3 74. Kxe3 Kf5 75. Kf3 Ke5 76. Ke3 Kf5 77. Kf3 Ke5 78. Ke3 Kf5
79. Kf3 {Game drawn by repetition} 1/2-1/2

[Event "Team 45 45 League T76"]
[Site "Internet Chess Club"]
[Date "2018.04.22"]
[Round "5"]
[White "tightfist"]
[Black "skywise"]
[Result "0-1"]
[WhiteElo "1419"]
[BlackElo "1555"]
[Opening "Grünfeld: 5.e3"]
[ECO "D94"]
[Time "22:01:37"]
[TimeControl "2700+45"]

1. Nf3 Nf6 2. c4 g6 3. d4 Bg7 4. Nc3 d5 5. e3 O-O 6. cxd5 Nxd5 7. Be2 c5 8. O-O
Nc6 9. e4 Nxc3 10. bxc3 cxd4 11. cxd4 Nxd4 12. Nxd4 Qxd4 13. Qxd4 Bxd4 14. Rb1
b6 15. Bg5 e6 16. Rfd1 e5 17. Bb5 f5 18. Bc6 Rb8 19. Bd5+ Kg7 20. Be7 Re8 21.
Bd6 fxe4 22. Bxb8 Bg4 23. Bxe5+ Bxe5 24. Re1 Bf5 25. Rbc1 Bf4 26. Rc4 Rd8 27.
Bxe4 Bxe4 28. Rcxe4 Bg5 29. g3 Rd2 30. R4e2 Rd4 31. Kg2 Kh6 32. h4 Bf6 33. Re6
Bd8 34. R1e4 Rd2 35. Re8 Bf6 36. Re2 Rd5 37. Ra8 Rd7 38. a4 Bg7 39. Ra2 Bf6 40.
Rb8 Be5 41. Re8 Bg7 42. Re6 Rd5 43. Re7 Ra5 44. Re4 b5 45. g4 Bf8 46. Re5 a6 47.
Re8 Bc5 48. Rc2 Bb6 49. Re6 Bd8 50. axb5 axb5 51. Rc8 Bxh4 52. f3 Ra2+ 53. Kh3
Bg5 54. Re1 b4 55. Rh1 Bf4 56. Rc4 Bd6 57. Rd4 Bc5 58. Rd5 Be3 59. Kg3+ Kg7 60.
Rd7+ Kf6 61. Rhxh7 b3 62. Rhf7+ Kg5 63. Rd5+ Kh6 64. Rd1 b2 65. Rh1+ Kg5 66. Rb1
Bc1 67. Rc7 Bf4+ 68. Kf2 Bxc7 69. Ke2 Be5 70. Kd3 Ra1 71. Kc2 Rxb1 72. Kxb1 Kf4
73. Kc2 Kxf3 74. Kb1 Kxg4 {White resigns} 0-1